 Dungeon Crawl Stone Soup version 0.27-a0-1442-g87b6fcb595 (webtiles) character file.

Game seed: 15945553920487490389

28 sagitran the Stinger (level 2, 0/19 HPs)
             Began as a Demonspawn Venom Mage on July 4, 2021.
             Slain by an endoplasm (1 damage)
             ... on level 1 of the Dungeon.
             The game lasted 00:04:21 (1493 turns).

sagitran the Stinger (Demonspawn Venom Mage)        Turns: 1493, Time: 00:04:22

Health: 0/19       AC:  2    Str:  8    XL:     2   Next: 96%
Magic:  5/5        EV: 12    Int: 16    God:
Gold:   17         SH:  0    Dex: 13    Spells: 2/5 levels left

rFire    . . .     SeeInvis .   f - +0 short sword
rCold    . . .     Faith    .   (no shield)
rNeg     . . .     Spirit   .   a - +0 robe
rPois    .         Reflect  .   (no helmet)
rElec    .         Harm     .   (no cloak)
rCorr    .         Rampage  .   (no gloves)
Will     .....                  (no boots)
Stlth    ++........             (no amulet)
HPRegen  0.06/turn              (no ring)
MPRegen  0.09/turn              (no ring)

@: no status effects
A: powered by pain 1
a: no special abilities


You were on level 1 of the Dungeon.
You visited 1 branch of the dungeon, and saw 2 of its levels.

You collected 17 gold pieces.

Inventory:

Hand Weapons
 f - a +0 short sword (weapon)
Missiles
 b - a throwing net (quivered)
Armour
 a - a +0 robe (worn)
Scrolls
 c - a scroll of fear {unknown}
 e - a scroll of identify {unknown}
 g - a scroll of magic mapping {unknown}
Potions
 d - 2 potions of degeneration {unknown}
 h - a potion of attraction {unknown}
 i - a potion of curing {unknown}


   Skills:
 + Level 1.9 Dodging
 + Level 2.1 Stealth
 + Level 2.2 Spellcasting
 + Level 0.9 Transmutations
 + Level 0.4 Air Magic
 + Level 3.4 Poison Magic


You had 2 spell levels left.
You knew the following spells:

 Your Spells              Type           Power      Damage    Failure   Level
a - Sting                 Tmut/Pois      32%        1d4       9%          1
b - Poisonous Vapours     Pois/Air       16%        N/A       14%         2

Your spell library contained the following spells:

 Spells                   Type           Power      Damage    Failure   Level
 Mephitic Cloud           Conj/Pois/Air  6%         N/A       34%         3
 Olgreb's Toxic Radiance  Pois           12%        N/A       43%         4


Dungeon Overview and Level Annotations

Branches:
Dungeon (2/15)

Altars:


Innate Abilities, Weirdness & Mutations

You sometimes gain a little power by taking damage.


Message History

Aiming: Sting (safe; 9% risk of failure)
Press: ? - help, Shift-Dir - straight line, f - endoplasm
Aim: an endoplasm (97% to hit)
The sting hits the endoplasm.
The endoplasm partially resists.
The endoplasm is lightly wounded.
The endoplasm hits you but does no damage.
You hit the endoplasm but do no damage.
The endoplasm is lightly wounded.
The endoplasm closely misses you.
You barely miss the endoplasm.
The endoplasm is lightly wounded.
The endoplasm hits you. The endoplasm freezes you.
You are frozen.
You barely miss the endoplasm.
The endoplasm is lightly wounded.
The endoplasm freezes you.
You are frozen.
You barely miss the endoplasm.
The endoplasm is lightly wounded.
The endoplasm hits you. The endoplasm freezes you.
You are frozen.
You hit the endoplasm.
The endoplasm is moderately wounded.
The endoplasm freezes you.
You are frozen.
You hit the endoplasm.
The endoplasm is heavily wounded.
The endoplasm hits you.
* * * LOW HITPOINT WARNING * * *
You hit the endoplasm.
The endoplasm is severely wounded.
The endoplasm freezes you.
You are frozen.
* * * LOW HITPOINT WARNING * * *
You barely miss the endoplasm.
The endoplasm is severely wounded.
The endoplasm hits you.
You die...

. ... # .. .. ### # ..
..# ..#. ##+##+###
⌠.#.####.#.#####........
.........#.....'........
...# #....†.##@.......
...# #......##J.......
⌠.## #......##........
..# #......##........
### #......##........ #
#.)....##........
########......#########+
### ..............# #..
..............# #..


You could see an endoplasm.

Vanquished Creatures
  2 dart slugs (D:1)
  A ball python (D:1)
  A giant cockroach (D:1)
  2 goblins (D:1)
  4 hobgoblins (D:1)
  2 kobolds (D:1)
  2 quokkas (D:1)
  4 bats (D:1)
  4 rats (D:1)
22 creatures vanquished.

Notes
Turn   | Place    | Note
-------+----------+-------------------------------------------
     0 | D:1      | sagitran the Demonspawn Venom Mage began the quest for the
                  | Orb.
     0 | D:1      | Reached XP level 1. HP: 13/13 MP: 3/3
   525 | D:1      | Gained mutation: You sometimes gain a little power by
                  | taking damage. [demonic ancestry]
   525 | D:1      | Reached XP level 2. HP: 17/19 MP: 3/5
   551 | D:1      | Learned a level 2 spell: Poisonous Vapours
  1493 | D:1      | Slain by an endoplasm

Illustrated notes

Levels and vault maps discovered:
D:1:      scummos_arrival_simple_fountains, layout_basic, minmay_distorted
D:2:      layout_loops_corners, serial_shops, shop, shop_statue,
          nicolae_shop_behind_doors

Skill      XL: |  1 |
---------------+----+-----
Stealth        | 2 |  2.1
Dodging        | |  1.9
Spellcasting   | |  2.2
Transmutations | |  0.9
Air Magic      | |  0.4
Poison Magic   | |  3.4

Action                   || total
-------------------------++-------
Melee: Unarmed           ||    25
       Short sword       ||    25
 Cast: Sting             ||    16
       Poisonous Vapours ||     7
Armor: Robe              ||    17
Dodge: Dodged            ||    39

Table legend: (Time is in decaauts)
 A = Elapsed time spent in this place.
 B = Non-inter-level travel time spent in this place.
 C = Inter-level travel time spent in this place.
 D = Time resting spent in this place.
 E = Time spent auto-exploring this place.
 F = Levels seen in this place.
 G = Mean time per level.
                   A        B        C        D        E       F      G
               +--------+--------+--------+--------+--------+-----+--------+
         Total |   1495 |   1495 |      0 |    477 |    510 |   2 |  747.5 |
       Dungeon |   1495 |   1495 |      0 |    477 |    510 |   2 |  747.5 |
               +--------+--------+--------+--------+--------+-----+--------+

Top non-repeatable levels by time:
     D:1: 1482 daAuts
     D:2: 12 daAuts
